AoeStats
← manu.mg.contacto

Arabia

509949413Analyzed
1v1 RM · 5d ago on Sep 28, 2026· 47m 39s· 2 players
Game mode
Random Map
Map size
Tiny (2 player)
Population
200
Speed
Normal
Resources
Standard
Victory
Conquest
Starting age
Dark Age
Ending age
Imperial Age
RankedLock teamsTeams togetherTeam positionsShared explorationLock speedFull tech treeHidden civsTurbo modeCheats
Victory
Defeat
🇨🇱 Britons · Chile
713
+15
🇺🇸 Khmer · United States
684
-15
Bleedrs
9:05 Loom
10:51 Feudal Age
14:53 Castle Age
15:51 Double-Bit Axe
17:56 Bow Saw
24:17 Fletching
27:40 Light Cavalry
28:19 Bodkin Arrow
32:13 Imperial Age
29:29 Crossbowman
32:32 Horse Collar
34:17 Cavalier
35:14 Scale Barding Armor
36:20 Ballistics
38:01 Wheelbarrow
37:32 Bracer
40:06 Arbalester
41:26 Siege Engineers
44:57 Heavy Scorpion
manu.mg.contacto
7:09 Loom
9:10 Feudal Age
10:38 Wheelbarrow
9:52 Double-Bit Axe
9:49 Horse Collar
20:12 Castle Age
18:25 Gold Mining
20:14 Pikeman
21:56 Town Watch
28:42 Hand Cart
29:30 Heavy Plow
33:33 Imperial Age
31:54 Bow Saw
32:49 Squires
33:41 Fletching
35:43 Chemistry
34:18 Halberdier
35:32 Ballistics
36:06 Man-at-Arms
37:14 Elite Skirmisher
38:47 Long Swordsman
39:38 Town Patrol
39:15 Light Cavalry
40:51 Elite Longbowman
42:12 Scale Mail Armor
42:23 Forging
42:14 Padded Archer Armor
44:38 Warwolf
47:35 Bodkin Arrow
47:56 Leather Archer Armor
47:56 Chain Mail Armor
Connection lost

Rejoining the realm…

Still unreachable

The connection could not be restored.

Session expired

The server has moved on; the page needs a fresh start.